 Dungeon Sprint DCSS version 0.29.1-15-g9cfb28693d (webtiles) character file.

Game seed: 15936701341674398590

4025 Iago the Brawler (level 10, 0/114 HPs)
             Began as a Troll Berserker on Feb 24, 2023.
             Was a High Priest of Trog.
             Slain by an elephant (14 damage)
             ... in the Dungeon (Sprint II: "The Violet Keep of Menkaure").
             The game lasted 00:06:06 (698 turns).

Iago the Brawler (Troll Berserker)                   Turns: 698, Time: 00:06:07

Health: 0/114      AC:  4    Str: 31    XL:     10   Next: 4%
Magic:  9/9        EV: 12    Int:  1    God:    Trog [*****.]
Gold:   972        SH:  0    Dex:  9    Spells: 9/9 levels left

rFire   . . .      SeeInvis .     - Unarmed
rCold   . . .      Faith    .   (no shield)
rNeg    . . .      Spirit   .   a - +0 animal skin
rPois   .          Reflect  .   (helmet restricted)
rElec   .          Harm     .   (no cloak)
rCorr   .          Rampage  .   (gloves unavailable)
Will    .....      NoTele   +   (boots unavailable)
Stlth   +.........              (no amulet)
HPRegen 1.89/turn               (no ring)
MPRegen 0.11/turn               (no ring)

@: on berserk cooldown, slowed, very slow
A: large, unfitting armour, claws 3, regeneration 2, shaggy fur 1, tough skin 1,
dopey 1
a: Renounce Religion, Berserk, Trog's Hand, Brothers in Arms


You were in the Dungeon.
You worshipped Trog.
Trog was extremely pleased with you.
You visited 1 branch You collected 972 gold pieces.

Inventory:

Armour
 a - a +0 animal skin (worn)
Scrolls
 g - a scroll of blinking
Potions
 b - a potion of curing
 c - a potion of heal wounds
 d - a potion of haste
 e - 2 potions of magic
 f - a potion of berserk rage


   Skills:
 + Level 11.2 Fighting
 + Level 10.7 Dodging
 + Level 15.7 Unarmed Combat


You had 9 spell levels left.
You didn't know any spells.
Your spell library was empty.

Dungeon Overview and Level Annotations

Branches:
Dungeon (1/1)

Altars:
Cheibriados
Dithmenos
Hepliaklqana
Qazlal
Jiyva

Shops:
D [:[!=(?==**[!*:

Annotations:
D exclusions: oklob plant and orange crystal statue, Roxanne


Innate Abilities, Weirdness & Mutations

You are too large for most types of armour.
You have claws for hands.
You heal very quickly.
You are covered in fur. (AC +1)
You have tough skin. (AC +1)
You are dopey. (Int -2)


Message History

You miss the quasit.
The quasit is heavily wounded.
You scratch the elephant but do no damage.
The elephant tramples you!
You stumble backwards!
Splash!
You fall into the shallow water.
Moving in this stuff is going to be slow.
You completely miss the elephant. The elephant barely misses you.
The elephant trunk-slaps you but does no damage.
You claw the elephant!
The elephant is moderately wounded.
The elephant tramples you!
You hold your ground!
The elephant barely misses you.
You scratch the elephant.
The elephant is moderately wounded.
The elephant tramples you!
You hold your ground!
The elephant trunk-slaps you.
You claw the elephant!
The elephant is moderately wounded.
The elephant closely misses you. The elephant trunk-slaps you.
The elephant tramples you!
You stumble backwards!
Splash!
The elephant tramples you.
You stumble backwards!
Splash!
The orange crystal statue is engulfed in mutagenic fog.
The orange crystal statue glitters.
The elephant tramples you!
You hold your ground!
The elephant trunk-slaps you.
The orange crystal statue is engulfed in mutagenic fog.
The orange crystal statue glitters.
The elephant tramples you.
* * * LOW HITPOINT WARNING * * *
You hold your ground!
The elephant completely misses you.
The orange crystal statue is engulfed in mutagenic fog.
The orange crystal statue glitters.
The elephant tramples you!
* * * LOW HITPOINT WARNING * * *
You hold your ground!
The elephant trunk-slaps you.
* * * LOW HITPOINT WARNING * * *
The orange crystal statue is engulfed in mutagenic fog.
The elephant attacks as you move away! The elephant tramples you!
You die...

####+#### ##≈§≈≈≈≈≈##
##§≈§≈≈§§≈≈## ###
+§≈§§≈8§§≈≈§#
#..5####≈§§≈§§§≈§#
#$..))~##§≈≈≈≈≈≈#
############5~#'''#''§##
###########~~Y5..§§§...#
##.∩.∩....#~~@~.##'##..#
##....∩...#~~~~##.#.##.####
##...∩.∩..#~~~~#.###.#....#
##....∩.⌠.#~~####.#.####..##
##...∩.∩..#~##.###†###.##..#
##..∩.∩...#~#...##.##...#..#
##.∩.∩....'~'.##'.<.')#.'..###
##∩.∩.....#~###.##.##...#....#
#▓▓▓▓▓▓▓###~##.###'###.##.....


You could see an orange crystal statue, an elephant, an iron imp (summoned) and
a quasit (summoned).

Vanquished Creatures
  Kirke (D)
  A yaktaur captain (D)
  A centaur warrior (D)
  A skeletal warrior (D)
  A merfolk siren (D)
  2 wyverns (D)
  4 neqoxecs (D)
  A water moccasin (D)
  A scorpion (D)
  3 worms (D)
16 creatures vanquished.

Vanquished Creatures (others)
  Menkaure (D)
  A water moccasin (D)
2 creatures vanquished.

Grand Total: 18 creatures vanquished

Notes
Turn   | Place    | Note
-------+----------+-------------------------------------------
     0 | D        | Iago the Troll Berserker began the quest for the Orb.
     0 | D        | Reached XP level 1. HP: 22/22 MP: 0/0
     1 | D        | Noticed a merfolk siren
    10 | D        | Killed a merfolk siren
    11 | D        | Reached skill level 8 in Unarmed Combat
    11 | D        | Reached XP level 2. HP: 40/40 MP: 1/1
    11 | D        | Reached XP level 3. HP: 46/46 MP: 2/2
    11 | D        | Reached XP level 4. HP: 55/55 MP: 3/3
    11 | D        | Reached XP level 5. HP: 62/62 MP: 4/4
    11 | D        | Reached XP level 6. HP: 71/71 MP: 5/5
   102 | D        | Killed Menkaure
   250 | D        | Reached ** piety under Trog
   261 | D        | Found Ihyut's Distillery.
   261 | D        | Found Domukhla's Book Emporium.
   261 | D        | Found Inuill's Antique Armour Shoppe.
   261 | D        | Found Hafeig's General Store.
   261 | D        | Found Hoeselu's Assorted Antiques.
   262 | D        | Found Oklaesof's Jewellery Shoppe.
   262 | D        | Found Lelosm's Jewellery Emporium.
   262 | D        | Found Womomuint's Magic Scroll Shoppe.
   263 | D        | Found Akhacw's Antique Weapon Emporium.
   263 | D        | Found Exkur's Jewellery Shoppe.
   263 | D        | Noticed a yak
   264 | D        | Found Izigikhlu's General Store.
   264 | D        | Noticed a water moccasin
   264 | D        | Noticed a yak
   264 | D        | Noticed a yak
   264 | D        | Noticed a slime creature
   269 | D        | Killed a water moccasin
   270 | D        | Reached skill level 9 in Unarmed Combat
   414 | D        | Noticed an orange crystal statue
   445 | D        | Noticed Roxanne
   449 | D        | Found a hazy altar of Hepliaklqana.
   449 | D        | Found a snail-covered altar of Cheibriados.
   450 | D        | Found a stormy altar of Qazlal.
   450 | D        | Found a viscous altar of Jiyva.
   450 | D        | Found a shadowy altar of Dithmenos.
   464 | D        | Noticed a wyvern
   464 | D        | Noticed a wyvern
   468 | D        | Killed a wyvern
   469 | D        | Reached XP level 7. HP: 80/80 MP: 4/6
   474 | D        | Killed a wyvern
   474 | D        | Reached *** piety under Trog
   475 | D        | Reached skill level 10 in Unarmed Combat
   499 | D        | Noticed a neqoxec
   499 | D        | Noticed a neqoxec
   499 | D        | Noticed a neqoxec
   499 | D        | Noticed a neqoxec
   505 | D        | Killed a neqoxec
   506 | D        | Killed a neqoxec
   507 | D        | Reached skill level 11 in Unarmed Combat
   510 | D        | Gained mutation: You heal very quickly. [a neqoxec]
   513 | D        | Killed a neqoxec
   514 | D        | Reached XP level 8. HP: 65/92 MP: 7/7
   514 | D        | Gained mutation: You are dopey. (Int -2) [a neqoxec]
   517 | D        | Reached **** piety under Trog
   530 | D        | Found Esomec's Distillery.
   530 | D        | Found Jauphizu's Armour Emporium.
   530 | D        | Noticed an oklob plant
   530 | D        | Noticed a slime creature
   549 | D        | Found Lywk's Antique Armour Shoppe.
   549 | D        | Found Ojuydula's Book Shoppe.
   549 | D        | Noticed a slime creature
   553 | D        | Noticed a manticore
   554 | D        | Noticed a manticore
   556 | D        | Noticed a manticore
   666 | D        | Noticed an elephant
   666 | D        | Noticed a centaur warrior
   666 | D        | Noticed Kirke
   666 | D        | Noticed a kobold demonologist
   666 | D        | Noticed a yaktaur captain
   666 | D        | Noticed a skeletal warrior
   671 | D        | Killed a skeletal warrior
   672 | D        | Reached skill level 12 in Unarmed Combat
   672 | D        | Noticed a rust devil
   675 | D        | Killed a yaktaur captain
   676 | D        | Reached skill level 10 in Fighting
   676 | D        | Reached skill level 10 in Dodging
   676 | D        | Reached skill level 13 in Unarmed Combat
   676 | D        | Reached XP level 9. HP: 102/102 MP: 8/8
   686 | D        | Killed Kirke
   686 | D        | Reached ***** piety under Trog
   687 | D        | Reached skill level 15 in Unarmed Combat
   689 | D        | Killed a centaur warrior
   690 | D        | Reached XP level 10. HP: 84/114 MP: 9/9
   698 | D        | Slain by an elephant

Illustrated notes

Levels and vault maps discovered:
D:        the_violet_keep_of_menkaure [sprint2_stairs_cluster_1,
          sprint2_shoproom, sprint2_temple, sprint2_basic_supplies,
          sprint2_obstacle_6, sprint2_obstacle_1, sprint2_obstacle_4,
          sprint2_obstacle_2, sprint2_obstacle_3, sprint2_timed_cluster_1,
          sprint2_smallroom_cluster_1, sprint2_smallroom_final_cluster_1,
          sprint2_transparent_cluster_1, sprint2_second_timed_cluster_1,
          sprint2_sniper_area_1, sprint2_heavy_combat_area_1,
          sprint2_mutation_trap_area_1, sprint2_forest_area_1,
          sprint2_light_combat_area_1, sprint2_behind_water_1,
          sprint2_near_end_vault_1]

Skill      XL: |  1  2  3  4  5  6  7  8  9 |
---------------+----------------------------+-----
Fighting       | 7 8 9 10 11 | 11.2
Dodging        | 6 7 8 10 | 10.7
Unarmed Combat | 8 9 11 13 15 | 15.7

Action                   |  1- 3 |  4- 6 |  7- 9 | 10-12 || total
-------------------------+-------+-------+-------+-------++-------
Melee: Unarmed           |     7 |    10 |    45 |     6 ||    68
       Punch             |       |     1 |     4 |       ||     5
Invok: Berserk           |     1 |     2 |     1 |       ||     4
       Trog's Hand       |       |       |     1 |       ||     1
Armor: Animal skin       |       |     1 |     5 |     1 ||     7
Dodge: Dodged            |     4 |     6 |     7 |     4 ||    21
